 Dungeon Crawl Stone Soup version 0.25-a0-502-g6516661a7a (webtiles) character file.

Game seed: 17063165821056374257, levelgen mode: deterministic

420 kae the Insei (level 6, 0/44 HPs)
             Began as a Demonspawn Gladiator on Feb 12, 2020.
             Succumbed to emiel's ghost's poison
             ... on level 3 of the Dungeon.
             The game lasted 00:03:16 (2858 turns).

kae the Insei (Demonspawn Gladiator)                Turns: 2858, Time: 00:03:17

Health: 0/44       AC:  5    Str: 14    XL:     6   Next: 62%
Magic:  6/6        EV: 13    Int: 10    God:
Gold:   189        SH:  0    Dex: 18    Spells: 5/5 levels left

rFire    . . .     SeeInvis .     - Unarmed
rCold    + . .     Gourm    .   (no shield)
rNeg     . . .     Faith    .   a - +0 leather armour
rPois    .         Spirit   +   b - +0 helmet
rElec    .         Reflect  .   (no cloak)
rCorr    .         Harm     .   h - +0 pair of gloves
MR       .....                  (no boots)
Stlth    +.........             (no amulet)
HPRegen  0.14/turn              (no ring)
MPRegen  0.20/turn              (no ring)

@: lethally poisoned (0 -> -4)
A: agile 1, cold resistance 1, frail 1, sense surroundings 1, magic shield,
magic regeneration
a: no special abilities


You were on level 3 of the Dungeon.
You were not hungry.

You visited 1 branch of the dungeon, and saw 3 of its levels.

You collected 189 gold pieces.

Inventory:

Missiles
 c - 3 throwing nets (quivered)
Armour
 a - a +0 leather armour (worn)
 b - a +0 helmet (worn)
 h - a +0 pair of gloves (worn)
Wands
 i - a wand of acid (6)
Scrolls
 f - a scroll of identify
Potions
 e - a potion of brilliance
 k - a potion of flight
Comestibles
 d - 9 rations


   Skills:
 + Level 4.3 Fighting
 - Level 1.7 Throwing
 - Level 2.6 Dodging
 * Level 5.8 Unarmed Combat


You had 5 spell levels left.
You didn't know any spells.
Your spell library was empty.

Dungeon Overview and Level Annotations

Branches:
Dungeon (3/15)

Altars:
Gozag
Kikubaaqudgha
Nemelex Xobeh
Zin

Annotations:
D:3 1 runed translucent door, 2 transporters


Innate Abilities, Weirdness & Mutations

When hurt, damage is shared between your health and your magic reserves.
You regenerate magic rapidly.
You are agile. (Dex +2)
Your flesh is cold resistant. (rC+)
You are frail. (-10% HP)
You passively map a small area around you.


Message History

* * * LOW HITPOINT WARNING * * *
You feel sick.
Your transformation is almost over.
* * * LOW HITPOINT WARNING * * *
You feel sick.
* * * LOW HITPOINT WARNING * * *
You feel sick.
* * * LOW HITPOINT WARNING * * *
You feel sick.
* * * LOW HITPOINT WARNING * * *
You feel sick.
* * * LOW HITPOINT WARNING * * *
You feel sick.
* * * LOW HITPOINT WARNING * * *
You feel sick.
You feel less wooden.
Your +0 helmet unmelds from your body.
Your +0 pair of gloves unmelds from your body.
Your +0 leather armour unmelds from your body.
You die...

#≈≈≈# #.....###
#≈≈≈###..>....#
#≈!≈#...#.###.#
#≈≈≈#####.#.#.#
#≈≈≈# #.#<..#
#≈≈≈# #.######
#≈≈≈# #..)...#
##†###########.#
#..@......# #.#
##...####)# #.#
##### #.####.#
#......#
########


There were no monsters in sight!

Vanquished Creatures
  Sigmund (D:2)
  The ghost of emiel the Skirmisher, an amateur KoFi (D:3)
  Jessica (D:2)
  Ijyb (D:3)
  Terence (D:3)
  3 adders (D:2)
  2 river rats (D:3)
  An ooze (D:3)
  A worm (D:2)
  2 dart slugs
  2 leopard geckos (D:3)
  An orc (D:3)
  4 bats
  3 giant cockroaches
  6 goblins
  7 hobgoblins
  4 jackals (D:2)
  4 quokkas
  4 frilled lizards
  6 kobolds
  5 rats
60 creatures vanquished.

Notes
Turn   | Place    | Note
-------+----------+-------------------------------------------
     0 | D:1      | kae the Demonspawn Gladiator began the quest for the Orb.
     0 | D:1      | Reached XP level 1. HP: 16/16 MP: 1/1
    62 | D:1      | Reached skill level 3 in Unarmed Combat
   397 | D:1      | Gained mutation: When hurt, damage is shared between your
                  | health and your magic reserves. [demonic ancestry]
   397 | D:1      | Reached XP level 2. HP: 21/22 MP: 2/2
  1222 | D:2      | Noticed Jessica
  1229 | D:2      | Killed Jessica
  1229 | D:2      | Gained mutation: You regenerate magic rapidly. [demonic
                  | ancestry]
  1229 | D:2      | Reached XP level 3. HP: 28/28 MP: 3/3
  1668 | D:2      | Noticed Sigmund
  1674 | D:2      | Gained mutation: You are frail. (-10% HP) [potion of
                  | mutation]
  1674 | D:2      | Gained mutation: Your spells are a little harder to cast,
                  | but a little more powerful. [potion of mutation]
  1674 | D:2      | Gained mutation: Your flesh is cold resistant. (rC+)
                  | [potion of mutation]
  1675 | D:2      | Lost mutation: You are frail. (-10% HP) [potion of
                  | mutation]
  1675 | D:2      | Lost mutation: Your spells are a little harder to cast, but
                  | a little more powerful. [potion of mutation]
  1675 | D:2      | Gained mutation: You are frail. (-10% HP) [potion of
                  | mutation]
  1675 | D:2      | Gained mutation: You passively map a small area around you.
                  | [potion of mutation]
  1675 | D:2      | Gained mutation: You are agile. (Dex +2) [potion of
                  | mutation]
  1682 | D:2      | Killed Sigmund
  1682 | D:2      | Reached skill level 5 in Unarmed Combat
  1682 | D:2      | Reached XP level 4. HP: 24/33 MP: 2/4
  1682 | D:2      | Reached XP level 5. HP: 27/37 MP: 2/5
  1689 | D:2      | Found an opulent altar of Gozag.
  2211 | D:3      | Noticed Terence
  2327 | D:3      | Noticed Ijyb
  2334 | D:3      | Paralysed by Ijyb for 2 turns
  2343 | D:3      | Paralysed by Ijyb for 2 turns
  2353 | D:3      | Killed Ijyb
  2353 | D:3      | Reached XP level 6. HP: 40/43 MP: 6/6
  2382 | D:3      | Found a runed translucent door.
  2388 | D:3      | Noticed emiel's ghost (amateur KoFi)
  2431 | D:3      | Found a runed translucent door.
  2447 | D:3      | Found a sparkling altar of Nemelex Xobeh.
  2447 | D:3      | Found an ancient bone altar of Kikubaaqudgha.
  2533 | D:3      | Killed Terence
  2575 | D:3      | Found a transporter.
  2576 | D:3      | Found a transporter.
  2586 | D:3      | Found a glowing silver altar of Zin.
  2837 | D:3      | Killed emiel's ghost
  2851 | D:3      | HP: 3/66 [poisoned by emiel's ghost]
  2855 | D:3      | HP: 1/66 [poisoned by emiel's ghost]
  2858 | D:3      | Succumbed to emiel's ghost's poison

Levels and vault maps discovered:
D:1:      dpeg_arrival_boxes_within_box, layout_basic
D:2:      layout_loops_corners, nicolae_gozag_seed_capital, uniq_jessica,
          uniq_sigmund
D:3:      layout_basic, amethyst_overflow_temple_binary,
          gammafunk_temple_overflow_arena, ebering_ghost_sewer_f, first_ration,
          uniq_terence, uniq_ijyb

Skill      XL: |  1  2  3  4  5 |
---------------+----------------+-----
Unarmed Combat | 3 5 |  5.8
Fighting       | 3 4 |  4.3
Throwing       | |  1.7
Dodging        | |  2.6

Action                   |  1- 3 |  4- 6 || total
-------------------------+-------+-------++-------
Melee: Unarmed           |   141 |   136 ||   277
       Punch             |     4 |     1 ||     5
Evoke: Wand              |       |     2 ||     2
  Use: Scroll            |     2 |     2 ||     4
       Potion            |     4 |     3 ||     7
 Stab: Sleeping          |     1 |     2 ||     3
       Invisible         |     1 |       ||     1
       Paralysed         |       |     8 ||     8
  Eat: Chunk             |     2 |     4 ||     6
Armor: Leather armour    |    29 |    28 ||    57
       Skin              |       |     4 ||     4
Dodge: Dodged            |    80 |    68 ||   148

Table legend:
 A = Non-vault XP
 B = Vault XP
 C = Vault XP percentage of total XP
 D = Non-vault monster count
 E = Vault monster count
 F = Vault count percentage of total count
                 A         B        C        D         E       F
            +---------+---------+-------+---------+---------+-------
      Total |     134 |     466 |  77.7 |      51 |       9 |  15.0
            +---------+---------+-------+---------+---------+-------
        D:1 |      34 |       0 |   0.0 |      18 |       0 |   0.0
        D:2 |      68 |     260 |  79.3 |      18 |       2 |  10.0
        D:3 |      32 |     206 |  86.6 |      15 |       7 |  31.8
            +---------+---------+-------+---------+---------+-------
